NWL (28 & UNDER)
MENLO MANIACS @ LA CROSSE LOGGERS
07/15/2024
 
TOP OF THE 1ST
Menlo Maniacs batting - Pitching for La Crosse Loggers : RHP Jaime Martínez
Pitching: RHP Jaime Martínez
Batting: LHB Warren Potter 0-0: Ball
1-0: Ball
2-0: Called Strike
2-1: Foul Ball, location: 2F
2-2: Ball
3-2: Base on Balls
Batting: RHB Steve Sampson 0-0: Ball
1-0: Foul Ball, location: 2F
1-1: Called Strike
1-2: Foul Ball, location: 2F
1-2: Ball
2-2: Foul Ball, location: 2F
2-2: Foul Ball, location: 2F
2-2: Ball
3-2: Fly out, F9 (Flyball, 9D)
Batting: LHB Nicholas Alston 0-0: Called Strike
0-1: Grounds into double play, 6-4-3 (Groundball, 6M)
Top of the 1st over - 0 run(s), 0 hit(s), 0 error(s), 0 left on base; Menlo 0 - La Crosse 0
BOTTOM OF THE 1ST
La Crosse Loggers batting - Pitching for Menlo Maniacs : RHP José Ramírez
Pitching: RHP José Ramírez
Batting: RHB Jon Kenney 0-0: Called Strike
0-1: Ball
1-1: Swinging Strike
1-2: Ball
2-2: Ball
3-2: Base on Balls
Batting: LHB Oliver Beltrán 0-0: Ball
1-0: Foul Ball, location: 2F
1-1: Ball
2-1: Swinging Strike
2-2: Foul Ball, location: 2F
2-2: Foul Ball, location: 2F
2-2: Foul Ball, location: 2F
2-2: Ball
3-2: Strikes out swinging
Batting: RHB Vicente Vélez 0-0: Ball
1-0: Fly out, F7 (Flyball, 7LM)
Batting: LHB Ricardo Ruíz 0-0: Ball
Jon Kenney steals 2nd base
1-0: Ball
2-0: SINGLE (Line Drive, 6M)
Jon Kenney to third
Runner from 3rd tries for Home, SAFE, no throw or cutoff
Batting: RHB Fraser Stanton 0-0: Ball
1-0: Swinging Strike
1-1: Ball
2-1: Ball
3-1: Base on Balls
Ricardo Ruíz to second
Batting: LHB Enrique Tirado 0-0: SINGLE (Flyball, 7LM)
Ricardo Ruíz to third
Fraser Stanton to second
Runner from 3rd tries for Home, SAFE, no throw or cutoff
Batting: RHB Jimmy Smith 0-0: Called Strike
0-1: Foul Ball, location: 2F
0-2: Foul Ball, location: 2F
0-2: Foul Ball, location: 2F
0-2: Strikes out swinging
Bottom of the 1st over - 2 run(s), 2 hit(s), 0 error(s), 2 left on base; Menlo 0 - La Crosse 2
TOP OF THE 2ND
Menlo Maniacs batting - Pitching for La Crosse Loggers : RHP Jaime Martínez
Batting: LHB Roger Moore 0-0: Ball
1-0: Called Strike
1-1: Foul Ball, location: 2F
1-2: Ball
2-2: Ground out 3-1 (Groundball, 34)
Batting: LHB Arthur Hall 0-0: Ball
1-0: Swinging Strike
1-1: Foul Ball, location: 2F
1-2: Ground out U3 (Groundball, 3)
Batting: RHB Philip Burke 0-0: Called Strike
0-1: Ball
1-1: Ball
2-1: Foul Ball, location: 2F
2-2: Strikes out swinging
Top of the 2nd over - 0 run(s), 0 hit(s), 0 error(s), 0 left on base; Menlo 0 - La Crosse 2
BOTTOM OF THE 2ND
La Crosse Loggers batting - Pitching for Menlo Maniacs : RHP José Ramírez
Batting: RHB Kirk Powell 0-0: Ball
1-0: SINGLE (Groundball, 5L)
Batting: RHB Robert Barnard 0-0: Ball
1-0: Called Strike
1-1: SINGLE (Line Drive, 4M)
Kirk Powell to second
Batting: RHB Jon Kenney 0-0: Ball
1-0: Ball
2-0: Ball
3-0: Base on Balls
Kirk Powell to third
Robert Barnard to second
Batting: LHB Oliver Beltrán 0-0: Called Strike
0-1: Ball
1-1: Foul Ball, location: 2F
1-2: Strikes out swinging
Batting: RHB Vicente Vélez 0-0: Ball
1-0: Ball
2-0: DOUBLE (Flyball, 7D)
Kirk Powell scores
Robert Barnard scores
Jon Kenney to third
Batting: LHB Ricardo Ruíz 0-0: Ball
1-0: Fly out, F7 (Popup, 7S)
Batting: RHB Fraser Stanton 0-0: Foul Ball, location: 2F
Single, Error in OF, E8, batter to second base
Jon Kenney scores
Vicente Vélez scores
Batting: LHB Enrique Tirado 0-0: Called Strike
0-1: SINGLE (Line Drive, 34D)
Fraser Stanton to third
Runner from 3rd tries for Home, SAFE, no throw or cutoff
Batting: RHB Jimmy Smith 0-0: Ball
1-0: Called Strike
1-1: Ball
2-1: Ball
3-1: Base on Balls
Enrique Tirado to second
Batting: RHB Kirk Powell 0-0: Called Strike
0-1: Ball
1-1: Fly out, F9 (Flyball, 9D)
Bottom of the 2nd over - 5 run(s), 5 hit(s), 1 error(s), 2 left on base; Menlo 0 - La Crosse 7
TOP OF THE 3RD
Menlo Maniacs batting - Pitching for La Crosse Loggers : RHP Jaime Martínez
Batting: LHB Marcos Pérez 0-0: Ball
1-0: Ball
2-0: SINGLE (Groundball, 4M)
Batting: RHB Ernest Russell 0-0: Called Strike
0-1: Foul Ball, location: 2F
0-2: Ball
1-2: Foul Ball, location: 2F
1-2: Ball
2-2: Foul Ball, location: 2F
2-2: Ball
3-2: Foul Ball, location: 2F
3-2: Foul Ball, location: 2F
3-2: Base on Balls
Marcos Pérez to second
Batting: SHB António Trinidad 0-0: Called Strike
0-1: Called Strike
0-2: Fly out, F3 (Line Drive, 3S)
Batting: LHB Warren Potter 0-0: Ball
1-0: Called Strike
1-1: Ball
2-1: Foul Ball, location: 2F
2-2: Strikes out swinging
Batting: RHB Steve Sampson 0-0: Called Strike
0-1: Ball
1-1: Fly out, F7 (Flyball, 7S)
Top of the 3rd over - 0 run(s), 1 hit(s), 0 error(s), 2 left on base; Menlo 0 - La Crosse 7
BOTTOM OF THE 3RD
La Crosse Loggers batting - Pitching for Menlo Maniacs : RHP José Ramírez
Batting: RHB Robert Barnard 0-0: Called Strike
0-1: Fly out, F9 (Line Drive, 9LM)
Batting: RHB Jon Kenney 0-0: Ball
1-0: Called Strike
1-1: Foul Ball, location: 2F
1-2: Ball
2-2: Ball
3-2: Foul Ball, location: 2F
3-2: Base on Balls
Batting: LHB Oliver Beltrán 0-0: Ball
1-0: Fly out, F5 (Popup, 5F)
Batting: RHB Vicente Vélez 0-0: Ball
Jon Kenney is caught stealing 2nd base
Bottom of the 3rd over - 0 run(s), 0 hit(s), 0 error(s), 0 left on base; Menlo 0 - La Crosse 7
TOP OF THE 4TH
Menlo Maniacs batting - Pitching for La Crosse Loggers : RHP Jaime Martínez
Batting: LHB Nicholas Alston 0-0: Called Strike
0-1: Swinging Strike
0-2: Ball
1-2: Ball
2-2: Strikes out swinging
Batting: LHB Roger Moore 0-0: Ball
1-0: Ball
2-0: Ball
3-0: Called Strike
3-1: Called Strike
3-2: DOUBLE (Line Drive, 78M)
Batting: LHB Arthur Hall 0-0: Swinging Strike
0-1: Fly out, F7 (Flyball, 78M)
Batting: RHB Philip Burke 0-0: SINGLE (Line Drive, 6MD)
Roger Moore to third
Runner from 3rd tries for Home, SAFE, no throw or cutoff
Batting: LHB Marcos Pérez 0-0: Called Strike
0-1: Ball
1-1: Swinging Strike
1-2: Ground out 2-3 (Groundball, 23)
Top of the 4th over - 1 run(s), 2 hit(s), 0 error(s), 1 left on base; Menlo 1 - La Crosse 7
BOTTOM OF THE 4TH
La Crosse Loggers batting - Pitching for Menlo Maniacs : RHP José Ramírez
Pitching: RHP Ron Russell
Batting: RHB Vicente Vélez 0-0: Called Strike
0-1: Ground out 6-3 (Groundball, 6)
Batting: LHB Ricardo Ruíz 0-0: Ball
1-0: Fly out, F9 (Line Drive, 9M)
Batting: RHB Fraser Stanton 0-0: Ball
1-0: Ball
2-0: Called Strike
2-1: Ball
3-1: Called Strike
3-2: SINGLE (Popup, 4MD)
Batting: LHB Enrique Tirado 0-0: Ball
1-0: Called Strike
1-1: SINGLE (Groundball, 34D)
Fraser Stanton to second
Runner from 2nd tries for 3rd, SAFE, throw made to third
Enrique Tirado to second
Batting: RHB Jimmy Smith 0-0: Ball
1-0: Ball
2-0: Swinging Strike
2-1: Foul Ball, location: 2F
2-2: Strikes out swinging
Bottom of the 4th over - 0 run(s), 2 hit(s), 0 error(s), 2 left on base; Menlo 1 - La Crosse 7
TOP OF THE 5TH
Menlo Maniacs batting - Pitching for La Crosse Loggers : RHP Jaime Martínez
Batting: RHB Ernest Russell 0-0: Ball
1-0: Called Strike
1-1: Foul Ball, location: 2F
1-2: Foul Ball, location: 2F
1-2: Ball
2-2: Foul Ball, location: 2F
2-2: Ball
3-2: Fly out, F8 (Flyball, 89M)
Batting: SHB António Trinidad 0-0: Ball
1-0: Ground out 1-3 (Groundball, 13)
Batting: LHB Warren Potter 0-0: Ball
1-0: Ball
2-0: Ball
3-0: Called Strike
3-1: Base on Balls
Batting: RHB Steve Sampson 0-0: Fly out, F8 (Flyball, 8LM)
Top of the 5th over - 0 run(s), 0 hit(s), 0 error(s), 1 left on base; Menlo 1 - La Crosse 7
BOTTOM OF THE 5TH
La Crosse Loggers batting - Pitching for Menlo Maniacs : RHP Ron Russell
Batting: RHB Kirk Powell 0-0: Ball
1-0: Ball
2-0: Called Strike
2-1: Called Strike
2-2: Strikes out swinging
Batting: RHB Robert Barnard 0-0: Ball
1-0: Foul Ball, location: 2F
1-1: Fly out, F4 (Popup, 4MD)
Batting: RHB Jon Kenney 0-0: Called Strike
0-1: Fly out, F7 (Line Drive, 7M)
Bottom of the 5th over - 0 run(s), 0 hit(s), 0 error(s), 0 left on base; Menlo 1 - La Crosse 7
TOP OF THE 6TH
Menlo Maniacs batting - Pitching for La Crosse Loggers : RHP Jaime Martínez
Pitching: LHP Jorge Martínez
Batting: LHB Nicholas Alston 0-0: SINGLE (Line Drive, 9S)
Batting: LHB Roger Moore 0-0: Called Strike
0-1: SINGLE (Groundball, 4M)
Nicholas Alston to second
Batting: LHB Arthur Hall 0-0: Swinging Strike
0-1: Ball
1-1: Ball
2-1: SINGLE (Line Drive, 56)
Nicholas Alston to third
Roger Moore to second
Batting: RHB Philip Burke 0-0: Called Strike
0-1: Ball
1-1: Ball
2-1: Ball
3-1: Called Strike
3-2: Base on Balls
Nicholas Alston scores
Roger Moore to third
Arthur Hall to second
Batting: LHB Marcos Pérez 0-0: Swinging Strike
0-1: Ball
1-1: Ball
2-1: Fly out, F1 (Popup, 23)
Batting: RHB Ernest Russell 0-0: SINGLE (Groundball, 6MD)
Roger Moore scores
Arthur Hall to third
Philip Burke to second
Runner from 3rd tries for Home, SAFE, no throw or cutoff
Batting: SHB António Trinidad 0-0: Called Strike
0-1: Ball
1-1: Ball
2-1: Ball
3-1: Foul Ball, location: 2F
3-2: Foul Ball, location: 2F
3-2: Ground out 6-3 (Groundball, 6MS)
Philip Burke to third
Ernest Russell to second
Batting: LHB Warren Potter 0-0: Ball
1-0: Ball
2-0: Ball
3-0: Base on Balls
Batting: RHB Steve Sampson 0-0: Called Strike
0-1: Foul Ball, location: 2F
0-2: Ball
1-2: Foul Ball, location: 2F
1-2: Strikes out looking
Top of the 6th over - 3 run(s), 4 hit(s), 0 error(s), 3 left on base; Menlo 4 - La Crosse 7
BOTTOM OF THE 6TH
La Crosse Loggers batting - Pitching for Menlo Maniacs : RHP Ron Russell
Batting: LHB Oliver Beltrán 0-0: Ball
1-0: Swinging Strike
1-1: Foul Ball, location: 2F
1-2: Ball
2-2: Ball
3-2: Base on Balls
Batting: RHB Vicente Vélez 0-0: Called Strike
0-1: Swinging Strike
0-2: Foul Ball, location: 2F
0-2: Ball
1-2: Hit by Pitch
Oliver Beltrán to second
Pinch Runner at 1st Tony Ojeda:
Batting: LHB Ricardo Ruíz 0-0: DOUBLE (Line Drive, 5)
Oliver Beltrán scores
Tony Ojeda to third
Batting: RHB Fraser Stanton 0-0: Foul Ball, location: 2F
0-1: Ball
1-1: Ball
2-1: Ball
3-1: Foul Ball, location: 2F
3-2: Base on Balls
Batting: LHB Enrique Tirado 0-0: Foul Ball, location: 2F
0-1: Swinging Strike
0-2: Ball
1-2: Ball
2-2: Fly out, F4 (Popup, 4D)
Pitching: LHP José Acosta
Batting: RHB Jimmy Smith 0-0: Ball
1-0: Called Strike
1-1: Fly out, F2 (Popup, 2RF)
Batting: RHB Kirk Powell 0-0: Swinging Strike
0-1: Called Strike
0-2: Ball
1-2: Ball
2-2: Ball
3-2: Strikes out swinging
Bottom of the 6th over - 1 run(s), 1 hit(s), 0 error(s), 3 left on base; Menlo 4 - La Crosse 8
TOP OF THE 7TH
Menlo Maniacs batting - Pitching for La Crosse Loggers : LHP Jorge Martínez
Now at 1B: Tony Ojeda
Batting: LHB Nicholas Alston 0-0: Swinging Strike
0-1: TRIPLE (Flyball, 78XD)
Pitching: RHP Jim Miller
Batting: LHB Roger Moore 0-0: Ground out 4-3 (Groundball, 34)
Nicholas Alston scores
Batting: LHB Arthur Hall 0-0: Ball
1-0: Ground out 5-3 (Groundball, 5S)
Batting: RHB Philip Burke 0-0: Fly out, F8 (Flyball, 8RM)
Top of the 7th over - 1 run(s), 1 hit(s), 0 error(s), 0 left on base; Menlo 5 - La Crosse 8
BOTTOM OF THE 7TH
La Crosse Loggers batting - Pitching for Menlo Maniacs : LHP José Acosta
Batting: RHB Robert Barnard 0-0: Ball
1-0: Ball
2-0: Ball
3-0: Called Strike
3-1: Foul Ball, location: 2F
3-2: Strikes out swinging
Batting: RHB Jon Kenney 0-0: Ball
1-0: Fly out, F8 (Flyball, 8RM)
Batting: LHB Oliver Beltrán 0-0: Called Strike
0-1: Foul Ball, location: 2F
0-2: Ball
1-2: Strikes out swinging
Bottom of the 7th over - 0 run(s), 0 hit(s), 0 error(s), 0 left on base; Menlo 5 - La Crosse 8
TOP OF THE 8TH
Menlo Maniacs batting - Pitching for La Crosse Loggers : RHP Jim Miller
Batting: LHB Marcos Pérez 0-0: Called Strike
0-1: Called Strike
0-2: Ball
1-2: Fly out, F9 (Flyball, 9D)
Batting: RHB Ernest Russell 0-0: Ball
1-0: Swinging Strike
1-1: Ball
2-1: Foul Ball, location: 2F
2-2: Fly out, F9 (Flyball, 89M)
Batting: SHB António Trinidad 0-0: Foul Ball, location: 2F
0-1: Called Strike
0-2: Ground out 6-3 (Groundball, 6M)
Top of the 8th over - 0 run(s), 0 hit(s), 0 error(s), 0 left on base; Menlo 5 - La Crosse 8
BOTTOM OF THE 8TH
La Crosse Loggers batting - Pitching for Menlo Maniacs : LHP José Acosta
Batting: SHB Tony Ojeda 0-0: Called Strike
0-1: Foul Ball, location: 2F
0-2: Ball
1-2: Foul Ball, location: 2F
1-2: Ball
2-2: Ground out 6-3 (Groundball, 6)
Batting: LHB Ricardo Ruíz 0-0: Ball
1-0: Called Strike
1-1: Called Strike
1-2: Strikes out swinging
Batting: RHB Fraser Stanton 0-0: Called Strike
0-1: Swinging Strike
0-2: Foul Ball, location: 2F
0-2: Strikes out swinging
Bottom of the 8th over - 0 run(s), 0 hit(s), 0 error(s), 0 left on base; Menlo 5 - La Crosse 8
TOP OF THE 9TH
Menlo Maniacs batting - Pitching for La Crosse Loggers : RHP Jim Miller
Pitching: RHP David Washington
Batting: LHB Warren Potter 0-0: Ball
1-0: Ball
2-0: Foul Ball, location: 2F
2-1: Foul Ball, location: 2F
2-2: Foul Ball, location: 2F
2-2: Ball
3-2: Fly out, F8 (Flyball, 8LM)
Batting: RHB Steve Sampson 0-0: Fly out, F7 (Flyball, 78M)
Batting: LHB Nicholas Alston 0-0: Called Strike
0-1: Ball
1-1: Called Strike
1-2: Foul Ball, location: 2F
1-2: Strikes out looking
Top of the 9th over - 0 run(s), 0 hit(s), 0 error(s), 0 left on base; Menlo 5 - La Crosse 8
This league is powered by Out of the Park Baseball, the baseball management simulation game for PC, Mac and Linux
Saturday, April 9th, 2016 - OOTP Baseball 16.8 Build 38